cohdb
Replays
Latest Replays
All Replays
Popular Replays
Top Player Replays
Match Explorer
How It Works
Community
CoH3 Stats
Reddit
Sign in to upload your games and track your stats! →
Sign in with Steam
Some colorful language in game kek
Match 15183890
Overview
Messages
Build Orders
End
Kradschützen Motorcycle Team
Panzergrenadier Squad
Selects Armored Support Battlegroup
250 Light Carrier
Panzergrenadier Squad
Construct Light Support Kompanie
MG34 Team
Assault Grenadier Squad
Selects Superior Fire Drills
Selects Salvage Kits
Panzerjäger Mechanized Group
Fire Support Elements
Flakvierling Half-track
Assault Grenadier Squad
Selects Panzer Storm
2.5-tonne Medical Truck
Construct Mechanized Kompanie
Marder III Tank Destroyer
MG34 Team
le.IG 18 Mechanized Group
Marder III Tank Destroyer
Flakvierling Half-track
AI Takeover
Dima
Goliath
oki
harunars_13
0
0
Comments
sign in to comment!
No comments posted yet!